 Dungeon Crawl Stone Soup version 0.28.0-53-g5a82cb258f (webtiles) character file.

Game seed: 1481002691414592520

5 DemonSlayer the Firebug (level 1, -1/13 HPs)
             Began as a Demonspawn Fire Elementalist on July 21, 2022.
             Engulfed by a cloud of steam (6 damage)
             ... on level 1 of the Dungeon.
             The game lasted 00:00:58 (248 turns).

DemonSlayer the Firebug (DsFE)                       Turns: 248, Time: 00:00:59

Health: -1/13      AC:  2    Str:  8    XL:     1   Next: 66%
Magic:  0/3        EV:  9    Int: 16    God:
Gold:   12         SH:  0    Dex: 13    Spells: 3/4 levels left

rFire   . . .      SeeInvis .   c - +0 falchion
rCold   . . .      Faith    .   (no shield)
rNeg    . . .      Spirit   .   a - +0 robe
rPois   .          Reflect  .   (no helmet)
rElec   .          Harm     .   (no cloak)
rCorr   .          Rampage  .   (no gloves)
Will    .....                   (no boots)
Stlth   +.........              (no amulet)
HPRegen 0.04/turn               (no ring)
MPRegen 0.08/turn               (no ring)

@: very slightly contaminated, constricted, very slow
A: no striking features
a: no special abilities


You were on level 1 of the Dungeon.
You visited 1 branch of the dungeon, and saw 1 of its levels.

You collected 12 gold pieces.

Inventory:

Hand Weapons
 c - a +0 falchion (weapon)
Armour
 a - a +0 robe (worn)
Potions
 b - a potion of attraction {unknown}


   Skills:
 + Level 1.8 Dodging
 + Level 1.9 Stealth
 + Level 2.1 Spellcasting
 + Level 1.0 Conjurations
 + Level 2.8 Fire Magic


You had 3 spell levels left.
You knew the following spells:

 Your Spells              Type           Power      Damage    Failure   Level
a - Foxfire               Conj/Fire      28%        2x1d5     10%         1

Your spell library contained the following spells:

 Spells                   Type           Power      Damage    Failure   Level
 Scorch                   Fire           20%        2d6       10%         2
 Conjure Flame            Conj/Fire      7%         6-21      28%         3
 Inner Flame              Hex/Fire       6%         N/A       34%         3
 Flame Wave               Conj/Fire      7%         2d5       67%         4


Dungeon Overview and Level Annotations

Branches:
Dungeon (1/15)

Altars:


Message History

The giant cockroach bites you.
You see here a +0 falchion.
c - a +0 falchion The giant cockroach bites you but does no damage.
c - a +0 falchion (weapon)
The giant cockroach bites you.
Setting a skill training target for Long Blades at 14.0.
A ball python comes into view.
The ball python hisses angrily.
The giant cockroach bites you but does no damage.
Why would you want to do that? The giant cockroach barely misses you.
The ball python barely misses you. The ball python grabs you.
The ball python constricts you.
You escape the ball python's grasp.
You enter the shallow water.
Moving in this stuff is going to be slow.
A gnoll comes into view. It is wielding a +0 club.
A bat comes into view.
Found a leather armour.
The ball python closely misses you. x2
The ball python barely misses you. The ball python grabs you.
The ball python constricts you. The giant cockroach barely misses you.
The bat barely misses you.
You conjure some foxfire!
The gnoll shouts!
The bat completely misses you.
The ball python bites you but does no damage.
The ball python constricts you. The giant cockroach barely misses you.
The foxfire hits the rat.
You kill the rat!
The ball python bites you but does no damage.
The ball python constricts you. The giant cockroach closely misses you.
You miscast Foxfire.
You are very lightly contaminated with residual magic.
Nothing appears to happen.
The foxfire hits the giant cockroach.
The giant cockroach is moderately wounded.
The bat barely misses you. The ball python barely misses you.
The ball python constricts you. The giant cockroach bites you.
The ball python's grasp on you weakens, but your attempt to escape fails.
You are engulfed in a cloud of scalding steam.
You die...

### #...# #... ..
..####)..####.# ....
#.............####..###.
....$..........♣≈.≈≈≈≈≈.
#.............≈..≈.≈≈...
#.####...####..##..♣.≈..
#.# ##### ##gK≈≈≈...≈.
g.# #§SB.#.≈≈## ###
#§≈@.≈.≈≈.. #§##≈b≈.≈≈#
#.≈ ≈♣≈g≈## #.. ≈.≈≈...
##.≈.≈≈♣≈≈# ..#[## ..
#...# # ##


You could see a gnoll, a giant cockroach, a hobgoblin, a bat, a ball python and
a kobold.

Vanquished Creatures
  2 endoplasms (D:1)
  A goblin (D:1)
  A kobold (D:1)
  A rat (D:1)
5 creatures vanquished.

Vanquished Creatures (others)
  17 foxfires (D:1)
17 creatures vanquished.

Grand Total: 22 creatures vanquished

Notes
Turn   | Place    | Note
-------+----------+-------------------------------------------
     0 | D:1      | DemonSlayer the Demonspawn Fire Elementalist began the
                  | quest for the Orb.
     0 | D:1      | Reached XP level 1. HP: 13/13 MP: 3/3
   151 | D:1      | Found a faded altar of an unknown god.
   248 | D:1      | Engulfed by a cloud of steam

Illustrated notes

Levels and vault maps discovered:
D:1:      minmay_arrival_hallway, layout_loops_cross,
          hellmonk_ecumenical_altar_run_dry, serial_rivers,
          chequers_serial_rivers_room_b, chequers_serial_rivers_marsh,
          chequers_serial_rivers_room_b, chequers_serial_rivers_marsh

Action                   || total
-------------------------++-------
Melee: Unarmed           ||     2
 Cast: Foxfire           ||    14
Armor: Robe              ||     5
Dodge: Dodged            ||    25
